 Dungeon Sprint DCSS version 0.31-a0-8-gd14b0f4ee2 (webtiles) character file.

Game seed: 904410425956706673

0 rocky1 the Digger (level 1, -2/10 HPs)
             Began as a Deep Elf Earth Elementalist on May 7, 2023.
             Was an Initiate of Sif Muna.
             Slain by a scorpion (5 damage)
             ... in the Dungeon (Sprint VII: "The Pits").
             The game lasted 00:01:16 (64 turns).

rocky1 the Digger (Deep Elf Earth Elementalist)       Turns: 64, Time: 00:01:17

Health: -2/10      AC:  2    Str:  5    XL:     1   Next: 8%
Magic:  0/6        EV: 12    Int: 19    God:    Sif Muna [......]
Gold:   0          SH:  0    Dex: 15    Spells: 5/6 levels left

rFire   . . .        (no weapon)
rCold   . . .        (no shield)
rNeg    . . .        a - +0 robe
rPois   .            (no helmet)
rElec   .            (no cloak)
rCorr   .            (no gloves)
SInv    .            (no boots)
Will    .....        (no amulet)
Stlth   ++           (no ring)
HPRegen 0.21/turn    (no ring)
MPRegen 0.10/turn

%: no teleportation
@: lethally poisoned (-2 -> -10)
A: no striking features
a: Renounce Religion


You were in the Dungeon.
You worshipped Sif Muna.
Sif Muna was noncommittal.
You visited 1 branch

Inventory:

Armour
 a - a +0 robe (worn)
Scrolls
 g - a scroll of blinking
 i - 5 scrolls of amnesia
 j - a scroll of butterflies
Potions
 b - 5 potions of magic
 e - a potion of haste
 f - 3 potions of berserk rage
 h - 2 potions of invisibility


   Skills:
 - Level 0.1 Fighting
 - Level 2.5 Dodging
 - Level 2.4 Stealth
 - Level 3.0 Spellcasting
 * Level 0.5 Conjurations
 - Level 1.1 Transmutations
 * Level 3.4 Earth Magic
 - Level 0.2 Invocations


You had 5 spell levels left.
You knew the following spells:

 Your Spells              Type           Power      Damage    Failure   Level
a - Sandblast             Erth           30%        2d9       3%          1

Your spell library contained the following spells:

 Spells                   Type           Power      Damage    Failure   Level
 Passwall                 Tmut/Erth      9%         N/A       9%          2
 Stone Arrow              Conj/Erth      20%        3d8       21%         3
 Petrify                  Tmut/Erth      11%        N/A       52%         4


Dungeon Overview and Level Annotations

Branches:
Dungeon (1/1)

Altars:
Ashenzari
Cheibriados
Dithmenos
Elyvilon
Fedhas
Gozag
Hepliaklqana
Kikubaaqudgha
Makhleb
Nemelex Xobeh
Okawaru
Qazlal
Ru
Sif Muna
Trog
Uskayaw
Vehumet
Wu Jian
Xom
Yredelemnul
Zin
The Shining One
Jiyva
Lugonu


Message History

Aiming: Sandblast (safe; 3% risk of failure)
Press: ? - help, Q - select action Shift-Dir - straight line, f/p - scorpion
Aim: a scorpion (lightly wounded, 82% to hit)
The blast of sand hits the scorpion but does no damage.
The scorpion is lightly wounded.
The scorpion stings you. The scorpion barely misses you.
Aiming: Sandblast (safe; 3% risk of failure)
Press: ? - help, Q - select action Shift-Dir - straight line, f/p - scorpion
Aim: a scorpion (lightly wounded, 82% to hit)
The blast of sand hits the scorpion but does no damage.
The scorpion is lightly wounded.
The scorpion closely misses you. The scorpion stings you.
Aiming: Sandblast (safe; 3% risk of failure)
Press: ? - help, Q - select action Shift-Dir - straight line, f/p - scorpion
Aim: a scorpion (lightly wounded, 82% to hit)
The blast of sand hits the scorpion but does no damage.
The scorpion is lightly wounded.
The scorpion misses you.
Aiming: Sandblast (safe; 3% risk of failure)
Press: ? - help, Q - select action Shift-Dir - straight line, f/p - scorpion
Aim: a scorpion (lightly wounded, 82% to hit)
The blast of sand hits the scorpion but does no damage.
The scorpion is lightly wounded.
The scorpion stings you.
* * * LOW HITPOINT WARNING * * *
You are lethally poisoned!
The scorpion poisons you! The scorpion closely misses you.
You feel much better.
You feel very sick. The scorpion barely misses you.
Aiming: Sandblast (safe; 3% risk of failure)
Press: ? - help, Q - select action Shift-Dir - straight line, f/p - scorpion
Aim: a scorpion (lightly wounded, 82% to hit)
The blast of sand hits the scorpion!
The scorpion is heavily wounded.
* * * LOW HITPOINT WARNING * * *
You feel very sick. The scorpion closely misses you. The scorpion stings you.
Ouch! That really hurt!
You die...

########### _________.#
_________.#
_______...###########++
##########'##...........
#.?(.')))'.##......#..#.
##########.##...........
#......@....'...........
#+#####s#####......#..#.
.S# #........... +..#
####'#####++ ####
#.......# #.......#
#.......# #...<...#
#.......#


You could see a scorpion and an adder.

Vanquished Creatures
  A ball python (D)
1 creature vanquished.

Notes
Turn   | Place    | Note
-------+----------+-------------------------------------------
     0 | D        | rocky1 the Deep Elf Earth Elementalist began the quest for
                  | the Orb.
     0 | D        | Reached XP level 1. HP: 10/10 MP: 6/6
    38 | D        | Found a bloodstained altar of Trog.
    38 | D        | Found a shimmering blue altar of Sif Muna.
    38 | D        | Found a viscous altar of Jiyva.
    38 | D        | Found a hazy altar of Hepliaklqana.
    38 | D        | Found an opulent altar of Gozag.
    39 | D        | Found a glowing golden altar of the Shining One.
    39 | D        | Found a glowing silver altar of Zin.
    39 | D        | Found a basalt altar of Yredelemnul.
    39 | D        | Found a shimmering altar of Xom.
    39 | D        | Found an ornate altar of the Wu Jian Council.
    39 | D        | Found a sacrificial altar of Ru.
    39 | D        | Found a stormy altar of Qazlal.
    39 | D        | Found an iron altar of Okawaru.
    39 | D        | Found a sparkling altar of Nemelex Xobeh.
    39 | D        | Found a burning altar of Makhleb.
    39 | D        | Found a blossoming altar of Fedhas.
    39 | D        | Found a white marble altar of Elyvilon.
    39 | D        | Found a shadowy altar of Dithmenos.
    39 | D        | Found a snail-covered altar of Cheibriados.
    41 | D        | Found a radiant altar of Vehumet.
    41 | D        | Found a corrupted altar of Lugonu.
    42 | D        | Found a hide-covered altar of Uskayaw.
    42 | D        | Found an ancient bone altar of Kikubaaqudgha.
    42 | D        | Found a broken altar of Ashenzari.
    44 | D        | Became a worshipper of Sif Muna the Loreminder
    55 | D        | Noticed a scorpion
    64 | D        | Slain by a scorpion

Illustrated notes

Levels and vault maps discovered:
D:        pitsprint [storerooms_1, entrance_room_1, metal_vault_4, armoury_1,
          mini_pit_1, grid_room_1, main_hall_1, silver_pit, the_coven_1,
          the_vestibule_1, steel_vault_4, golden_pit, hallway_of_sentries,
          crystal_vault_1, iron_vault_1, final_vault]

Action                     || total
---------------------------++-------
   Cast: Sandblast         ||     8
    Use: Potion            ||     2
  Dodge: Dodged            ||     9

Table legend: (Time is in decaauts)
 A = Elapsed time spent in this place.
 B = Non-inter-level travel time spent in this place.
 C = Inter-level travel time spent in this place.
 D = Time resting spent in this place.
 E = Time spent auto-exploring this place.
 F = Levels seen in this place.
 G = Mean time per level.
                   A        B        C        D        E       F      G
               +--------+--------+--------+--------+--------+-----+--------+
         Total |     67 |     67 |      0 |      0 |      0 |   1 |   67.0 |
       Dungeon |     67 |     67 |      0 |      0 |      0 |   1 |   67.0 |
               +--------+--------+--------+--------+--------+-----+--------+

Top non-repeatable levels by time:
       D: 67 daAuts
